 Dungeon Crawl Stone Soup version 0.31-a0-150-g89dc3ad700 (webtiles) character file.

Game seed: 16324207451005869630

180 qw the Shooter (level 5, 0/32 HPs)
             Began as a Gargoyle Hunter on June 8, 2023.
             Slain by a kobold
             ... wielding a +0 whip
              (4 damage)
             ... in a sewer.
             The game lasted 00:01:01 (1536 turns).

qw the Shooter (Gargoyle Hunter)                    Turns: 1536, Time: 00:01:01

Health: 0/32       AC: 12    Str: 13 (15) XL:     5   Next: 60%
Magic:  5/5        EV: 10    Int:  8 (9)  God:
Gold:   140        SH:  0    Dex: 14 (15) Spells: 4/4 levels left

rFire   . . .        Y - +0 shortbow
rCold   . . .        (shield currently unavailable)
rNeg    + . .        b - +0 ring mail
rPois   inf          (no helmet)
rElec   +            (no cloak)
rCorr   .            a - +2 pair of gloves
SInv    .            (no boots)
Will    .....        (no amulet)
Stlth   +            (no ring)
HPRegen 0.25/turn    (no ring)
MPRegen 0.09/turn

%: no passive effects
@: no status effects
A: sickness immunity, AC +4, negative energy resistance 1, electricity
resistance, torment resistance 1, petrification resistance
a: no special abilities


You were in a sewer.
You visited 1 branch of the dungeon, and saw 3 of its levels.
You also visited: Sewer.

You collected 140 gold pieces.


Innate Abilities, Weirdness & Mutations

You are immune to sickness and miasma.
Your stone body is resilient. (AC +4)
You are immune to poison.
You resist negative energy. (rN+)
You are resistant to electric shocks. (rElec)
You are resistant to unholy torment.
You are immune to petrification.


   Skills:
 + Level 3.6 Fighting
 - Level 6.0 Ranged Weapons
 - Level 1.0 Armour
 - Level 1.5 Dodging
 - Level 1.1 Stealth


You had 4 spell levels left.
You didn't know any spells.
Your spell library was empty.

Inventory:

Hand Weapons
 Y - a +0 shortbow (weapon)
Armour
 a - a +2 pair of gloves (worn)
 b - a +0 ring mail (worn)
Potions
 f - a potion of might {unknown}
 h - a potion of mutation {unknown}

Dungeon Overview and Level Annotations

Branches:
Dungeon (3/15)              Sewer (1/1)

Altars:

Annotations:
Sewer Grinder


Message History

The kobold hits you but does no damage.
A shadow imp comes into view.
The kobold brigand hits you but does no damage.
The kobold hits you with a +0 whip.
You shoot an arrow.
The arrow barely misses the kobold brigand.
The kobold brigand hits you but does no damage.
Grinder blinks!
The kobold hits you with a +0 whip.
You shoot an arrow.
The arrow closely misses the kobold brigand.
The kobold brigand closely misses you. The kobold hits you but does no damage.
A kobold brigand comes into view.
It is wielding a +0 spear and quivering poisoned darts.
The kobold brigand hits you with a +0 dagger.
You shoot an arrow. The kobold brigand shouts!
The arrow hits the kobold brigand but does no damage.
The kobold brigand is lightly wounded.
Grinder says, "I used to sell toenails on the black market."
The kobold hits you but does no damage.
The kobold brigand hits you with a +0 dagger.
You shoot an arrow.
The arrow barely misses the kobold brigand.
Grinder hits you but does no damage. The kobold hits you but does no damage.
The kobold brigand hits you with a +0 dagger.
Grinder barely misses you. The kobold completely misses you.
You shoot an arrow. The arrow hits the kobold brigand.
The kobold brigand is moderately wounded.
The kobold brigand hits you but does no damage.
Grinder barely misses you. The kobold hits you but does no damage.
A kobold comes into view. It is wielding a +0 dagger.
You shoot an arrow. The arrow hits the kobold brigand.
The kobold brigand is heavily wounded.
The kobold brigand hits you with a +0 dagger!
Grinder hits you.
You writhe in agony.
The kobold hits you but does no damage.
The kobold brigand hits you but does no damage.
You shoot an arrow.
The arrow hits the kobold brigand but does no damage.
The kobold brigand is heavily wounded.
Grinder hits you.
You writhe in agony.
The kobold hits you with a +0 whip.
You die...

'.ยค '). K.. #).
####'#############
~~#.KK#~~~~~~#~~~#
~~..55KK~~..~~~~~#
...#@5....#
#+#######~#######)#
#......#~~~#......#
#~~~~..#~~~#...~.~#
#~~~~~...~....~~~~#
#~~~~~~#...#~~~~~~#
#~~~~~~#...~~~~~~~#
#~~~~~~#...#~~~~~~#
#~~~~~~~...#~~~~~~#


You could see Grinder, 2 kobold brigands, 2 shadow imps and 3 kobolds.

Vanquished Creatures
  A sleepcap (D:2)
  3 gnolls (D:2)
  3 shadow imps (Sewer)
  2 ufetubi (Sewer)
  3 worms
  3 dart slugs
  7 ball pythons
  3 bats
  9 endoplasms
  2 giant cockroaches
  9 goblins
  4 hobgoblins
  5 jackals
  2 quokkas (D:1)
  3 frilled lizards
  8 kobolds (Sewer)
  A kobold zombie (Sewer)
  6 rats
74 creatures vanquished.

Vanquished Creatures (others)
  An endoplasm (Sewer)
  A kobold zombie (Sewer)
2 creatures vanquished.

Grand Total: 76 creatures vanquished

Notes
Turn   | Place    | Note
-------+----------+-------------------------------------------
     0 | D:1      | qw the Gargoyle Hunter began the quest for the Orb.
     0 | D:1      | Reached XP level 1. HP: 12/12 MP: 1/1
     0 | D:1      | 0 ||| qw: Version: 0.2-a-120-ga58a385
     0 | D:1      | 0 ||| qw: Game counter: 2940
     0 | D:1      | 0 ||| qw: Always use a shield: true
     0 | D:1      | 0 ||| qw: God list: Okawaru
     0 | D:1      | 0 ||| qw: Allow faded altars: false
     0 | D:1      | 0 ||| qw: Do Orc after D:15 true
     0 | D:1      | 0 ||| qw: Do second Lair branch before Depths: true
     0 | D:1      | 0 ||| qw: Lair rune preference: random
     0 | D:1      | 0 ||| qw: Plans: Normal
     0 | D:1      | 0 ||| PLANNING D:1-11
   161 | D:1      | Reached XP level 2. HP: 17/17 MP: 2/2
   364 | D:1      | Reached XP level 3. HP: 19/21 MP: 3/3
   403 | D:1      | Reached skill level 5 in Ranged Weapons
   696 | D:1      | 696 ||| READING scroll labelled HIAGHA HAGROASK.
   697 | D:1      | 697 ||| READING 3 scrolls labelled BUYTATI YCKEFU.
   698 | D:1      | 698 ||| READING scroll labelled YGIUDIFF LEPHE.
   703 | D:1      | 703 ||| DROPPING scroll of butterflies.
   704 | D:1      | 704 ||| DROPPING 2 scrolls of blinking.
   758 | D:2      | Reached skill level 3 in Fighting
   758 | D:2      | Reached XP level 4. HP: 13/28 MP: 4/4
   760 | D:2      | 760 ||| FLEEEEING.
   761 | D:2      | 761 ||| FLEEEEING.
   762 | D:2      | 762 ||| FLEEEEING.
   763 | D:2      | 763 ||| STAIRDANCE
   895 | D:2      | HP: 5/28 [gnoll/+0 club (5)]
   896 | D:2      | HP: 2/28 [gnoll/+0 club (3)]
   900 | D:2      | 900 ||| FLEEEEING.
   901 | D:2      | 901 ||| FLEEEEING.
   902 | D:2      | 902 ||| FLEEEEING.
   903 | D:2      | 903 ||| FLEEEEING.
   904 | D:2      | 904 ||| FLEEEEING.
   905 | D:2      | 905 ||| FLEEEEING.
   906 | D:2      | 906 ||| FLEEEEING.
   910 | D:2      | 910 ||| FLEEEEING.
   911 | D:2      | 911 ||| FLEEEEING.
   912 | D:2      | 912 ||| STAIRDANCE
  1005 | D:1      | 1005 ||| DRINKING 2 smoky cyan potions.
  1006 | D:1      | 1006 ||| DROPPING potion of degeneration.
  1010 | D:2      | 1010 ||| STAIRDANCE
  1061 | D:2      | Identified the +8 spear of Defenestration {heavy, Will+
                  | Int+4}
  1100 | D:2      | Reached XP level 5. HP: 32/32 MP: 5/5
  1228 | D:2      | 1228 ||| UPGRADING to +2 pair of gloves.
  1233 | D:2      | 1233 ||| READING scroll labelled ARAEBI ILUWEF.
  1240 | D:3      | 1240 ||| PLANNING SEWER
  1309 | D:3      | Found a glowing drain.
  1310 | D:3      | 1310 ||| UPGRADING to +0 ring mail.
  1320 | D:3      | 1320 ||| DROPPING +0 leather armour.
  1335 | D:3      | 1335 ||| Stepping ~*~*~tactically~*~*~ (water).
  1352 | Sewer    | Entered a sewer
  1387 | Sewer    | Reached skill level 1 in Armour
  1450 | Sewer    | Reached skill level 6 in Ranged Weapons
  1512 | Sewer    | Noticed a kobold brigand
  1523 | Sewer    | Noticed Grinder
  1531 | Sewer    | Noticed a kobold brigand
  1535 | Sewer    | HP: 8/32 [Grinder (3)]
  1536 | Sewer    | Slain by a kobold

Levels and vault maps discovered:
D:1:      wheals_arrival_linesprint, layout_basic, kennysheep_minor_cross,
          minmay_gold_behind_fungi
D:2:      layout_basic, hangedman_decor_growths
D:3:      layout_basic, mainiacjoe_overflow_brackets, overflow_temple_1_default,
          serial_forest, infiniplex_forest_clump_double,
          infiniplex_forest_clump_medium, infiniplex_forest_clump_curved,
          infiniplex_forest_side_room, infiniplex_forest_lined_1,
          cheibrodos_sewer_entry_bend
Sewer:    kennysheep_sewer_church

Skill      XL: |  1  2  3  4  5 |
---------------+----------------+-----
Ranged Weapons | 5 6 |  6.0
Fighting       | 3 |  3.6
Armour         | 1 |  1.0
Dodging        | |  1.5
Stealth        | |  1.1

Action                     |  1- 3 |  4- 6 || total
---------------------------+-------+-------++-------
   Fire: Shortbow          |    96 |   178 ||   274
    Use: Scroll            |     3 |     1 ||     4
         Potion            |       |     1 ||     1
 Armour: Leather armour    |    19 |    13 ||    32
         Ring mail         |       |    55 ||    55
  Dodge: Dodged            |    27 |    66 ||    93

Table legend:
 A = Non-vault XP
 B = Vault XP
 C = Vault XP percentage of total XP
 D = Non-vault monster count
 E = Vault monster count
 F = Vault count percentage of total count
                 A         B        C        D         E       F
            +---------+---------+-------+---------+---------+-------
      Total |     176 |      82 |  31.8 |      53 |      21 |  28.4
            +---------+---------+-------+---------+---------+-------
        D:1 |      50 |       0 |   0.0 |      26 |       0 |   0.0
        D:2 |     124 |       0 |   0.0 |      26 |       0 |   0.0
        D:3 |       2 |      10 |  83.3 |       1 |       2 |  66.7
      Sewer |       0 |      72 | 100.0 |       0 |      19 | 100.0
            +---------+---------+-------+---------+---------+-------
